 Dungeon Crawl Stone Soup version 0.31.0-12-g77e489cdc1 (webtiles) character file.

Game seed: 16651015465894995778

11773 Marvel the Covert (level 12, -5/168 HPs)
             Began as a Kobold Fighter on Feb 11, 2024.
             Was a High Priest of Dithmenos.
             Slain by Gastronok (23 damage)
             ... on level 10 of the Dungeon.
             The game lasted 00:30:30 (10627 turns).

Marvel the Covert (Kobold Fighter)                 Turns: 10627, Time: 00:30:30

Health: -5/168     AC: 26    Str: 15    XL:     12   Next: 11%
Magic:  10/10      EV:  3    Int:  9    God:    Dithmenos [*****.]
Gold:   1153       SH:  6    Dex: 18    Spells: 11/11 levels left

rFire   . . .        d - +0 dagger (venom)
rCold   . . .        c - +1 buckler
rNeg    . . .        l - melded +1 ring mail "Puruerylonk" {rF+ Str+2 Dex+2}
rPois   +            E - melded +0 helmet
rElec   .            p - melded +0 cloak
rCorr   .            (gloves currently unavailable)
SInv    .            K - melded +0 pair of boots
Will    +....        (no amulet) Stlth
                     I - +5 ring of evasion
HPRegen 0.48/turn    o - +5 ring of evasion
MPRegen 0.12/turn

%: no passive effects
@: brilliant, berserking, tree-form, attractive, enlightened, hasted, wreathed
by umbra, very quick
A: stationary, stasis, torment immunity, boosted hp, small, no large weapons,
nightstalker 3, (talons 1), low MP 1
a: Renounce Religion, Shadow Step, Shadow Form


You were on level 10 of the Dungeon.
You worshipped Dithmenos.
Dithmenos was extremely pleased with you.
You were a tree.
You visited 1 branch of the dungeon, and saw 10 of its levels.
You also visited: Ossuary.

You collected 1270 gold pieces.
You spent 117 gold pieces at shops.

Inventory:

Hand Weapons
 a - a +0 rapier of electrocution
 d - a +0 dagger of venom (weapon)
 F - a +0 vampiric short sword
 R - a +1 dagger of distortion
Missiles
 u - 7 javelins
 w - 10 poisoned darts (quivered)
 T - a throwing net
Armour
 c - a +1 buckler (worn)
 l - the +1 ring mail "Puruerylonk" (melded) {rF+ Str+2 Dex+2}
   (You found it on level 7 of the Dungeon)

   Str+2:     It affects your strength (+2).
   Dex+2:     It affects your dexterity (+2).
   rF+:       It protects you from fire.
 p - a +0 cloak (melded)
 x - a +1 ring mail of fire resistance
 E - a +0 helmet (melded)
 G - +0 steam dragon scales
 K - a +0 pair of boots (melded)
Jewellery
 e - a ring of resist corrosion
 i - a +6 ring of strength
 o - a +5 ring of evasion (right branch)
 A - an amulet of guardian spirit
 I - a +5 ring of evasion (left branch)
 J - a ring of flight
Wands
 B - a wand of polymorph (4)
 D - a wand of iceblast (7)
 L - a wand of acid (7)
 S - a wand of mindburst (7)
Scrolls
 h - a scroll of vulnerability
 k - 5 scrolls of teleportation
 n - 8 scrolls of identify
 q - 3 scrolls of revelation
 t - 2 scrolls of poison
 v - 5 scrolls of fear
 y - 4 scrolls of noise
 P - 2 scrolls of enchant armour
 Q - a scroll of silence
Potions
 f - a potion of cancellation
 g - a potion of degeneration
 j - 6 potions of curing
 m - a potion of haste
 r - a potion of attraction
 s - a potion of magic
 C - a potion of lignification
 H - a potion of brilliance
 N - a potion of invisibility {unknown}


   Skills:
 + Level 8.4 Fighting
 + Level 11.9 Short Blades
 + Level 2.2 Throwing
 - Level 2.4 Armour
 + Level 11.8 Dodging
 + Level 14.6 Stealth
 - Level 2.4 Shields


You had 11 spell levels left.
You didn't know any spells.
Your spell library contained the following spells:

 Spells                   Type           Power      Damage    Failure   Level
 Blink                    Tloc           0%         N/A       63%         2
 Ensorcelled Hibernation  Hex/Ice        0%         N/A       63%         2
 Lesser Beckoning         Tloc           0%         N/A       63%         2
 Momentum Strike          Conj/Tloc      0%         3d8       63%         2
 Passwall                 Erth           0%         N/A       85%         3
 Swiftness                Air            0%         N/A       85%         3


Dungeon Overview and Level Annotations

Branches:
Dungeon (10/15)            Temple (0/1) D:6            Lair (0/5) D:8
Ossuary (visited)
    Orc: D:9-12

Altars:
Ashenzari
Cheibriados
Dithmenos
Hepliaklqana
Makhleb
Ru
Zin

Shops:
D:3 ?   D:10 [

Annotations:
D:5 AlterAsc's ghost, amateur TeGl
D:10 Gastronok


Innate Abilities, Weirdness & Mutations

You are a tree.
Your roots penetrate the ground, keeping you stationary.
You cannot be teleported.
You are immune to unholy pain and torment.
Your maximum health is greatly increased.
Your equipment is partially melded.
You are small and have problems with some larger weapons.
You are completely attuned to the shadows.
((You have sharp toenails.))
Your magical capacity is low. (-10% MP)


Message History

You hit the rat but do no damage.
The rat looks as sick as possible!
The rat is moderately wounded.
You block the rat's attack.
You hit the rat.
You kill the rat!
The rat's corpse disappears in a puff of smoke!
The rat is attracted toward you.
You hit the rat.
The rat is poisoned.
The rat is heavily wounded.
You hit the rat.
You kill the rat!
The rat's corpse disappears in a puff of smoke!
Gastronok is attracted toward you.
You closely miss the rat. You hit the rat.
The rat is poisoned.
The rat is severely wounded.
It was a potion of brilliance.
You feel clever all of a sudden. The rat bites you but does no damage.
It was a potion of berserk rage.
A red film seems to cover your vision as you go berserk!
You feel yourself moving faster!
You feel mighty!
You kill the rat!
The rat's corpse disappears in a puff of smoke!
You hit Gastronok.
Gastronok is severely wounded.
You puncture Gastronok!
Gastronok is severely wounded.
You hit Gastronok.
Gastronok is poisoned.
Gastronok is almost dead.
You hit Gastronok.
Gastronok looks as sick as possible!
Gastronok is almost dead.
Your shadow hits Gastronok but does no damage.
You hit Gastronok but do no damage.
Gastronok looks as sick as possible!
Gastronok is almost dead.
You puncture Gastronok!
Gastronok looks as sick as possible!
Gastronok is almost dead.
Gastronok bites you!!
You die...
Gastronok gurgles, "About time.
I'm starving!"

######......# #......#######
.....#.[....# #....[.#......
.....#......# #......#......
.....#......# #......#..(...
.....#......# #......#'#######
.....#......# #.........§....#
.....'......# #.....)w..§§...#
.....#......#####w.............#
.....#######....♣######....xw..#
...........#.....'....#........#
.<.........#.....#....#.........
...........#.....#....#.........
...........#.....#....#
...........#.....#....#
...........#.....#....#
...........#.....#....#
..##.#######.....######


You could see Gastronok (extremely poisoned).

Vanquished Creatures
  2 two-headed ogres
  3 death yaks
  Joseph (D:10)
  Psyche (D:8)
  21 yaks
  A steam dragon (D:5)
  2 water moccasins
  4 orc warriors
  2 ice beasts
  A sky beast (D:8)
  3 black bears
  3 centaurs
  2 kobold brigands
  5 bullfrogs
  A gnoll sergeant (D:6)
  4 scorpions
  10 wights
  12 killer bees
  A howler monkey (D:9)
  2 centaur zombies (Ossuary)
  A jelly (D:6)
  3 bombardier beetles (D:5)
  A gnoll bouda (D:9)
  3 hounds
  5 orc priests
  2 sleepcaps
  Jessica (D:2)
  3 iguanas
  12 orc wizards
  4 crocodile zombies (Ossuary)
  A mummy (Ossuary)
  21 adders
  10 gnolls
  2 shadow imps
  2 white imps
  2 ufetubi (D:6)
  2 dart slugs
  41 orcs
  12 ball pythons
  2 endoplasms
  4 giant cockroaches
  5 gnoll zombies (Ossuary)
  8 hobgoblins
  13 jackals
  3 quokkas
  2 bats (D:1)
  4 frilled lizards
  7 goblins
  15 kobolds
  6 rats
278 creatures vanquished.

Vanquished Creatures (collateral kills)
  Erica (D:10)
  A mummy (Ossuary)
2 creatures vanquished.

Vanquished Creatures (others)
  A shadow imp (D:5)
  3 kobolds (D:5)
4 creatures vanquished.

Grand Total: 284 creatures vanquished

Notes
Turn   | Place    | Note
-------+----------+-------------------------------------------
     0 | D:1      | Marvel the Kobold Fighter began the quest for the Orb.
     0 | D:1      | Reached XP level 1. HP: 14/14 MP: 1/1
   211 | D:1      | Reached XP level 2. HP: 17/19 MP: 2/2
   455 | D:1      | Reached XP level 3. HP: 24/24 MP: 3/3
  1157 | D:2      | Identified the +7 hand axe of Severance {protect, rC+ MP-9
                  | Str+2}
  1275 | D:2      | Reached skill level 1 in Dodging
  1275 | D:2      | Reached XP level 4. HP: 25/29 MP: 4/4
  1472 | D:2      | Reached skill level 5 in Short Blades
  1551 | D:2      | Reached XP level 5. HP: 33/33 MP: 5/5
  1667 | D:2      | Reached skill level 1 in Stealth
  1784 | D:2      | Noticed Jessica
  1790 | D:2      | Killed Jessica
  2020 | D:2      | Found a faded altar of an unknown god.
  2108 | D:2      | Prayed at the altar of an unknown god.
  2108 | D:2      | Became a worshipper of Dithmenos the Shadowed
  2108 | D:2      | Reached * piety under Dithmenos
  2166 | D:3      | Found Upub Ten's Magic Scroll Boutique.
  2172 | D:3      | Bought a scroll of fear for 52 gold pieces
  2172 | D:3      | Bought a scroll of identify for 26 gold pieces
  2172 | D:3      | Bought a scroll of teleportation for 39 gold pieces
  2195 | D:3      | Gained mutation: Your magical capacity is low. (-10% MP)
                  | [potion of mutation]
  2195 | D:3      | Gained mutation: You have sharp toenails. [potion of
                  | mutation]
  2200 | D:3      | Reached XP level 6. HP: 14/39 MP: 5/5
  2221 | D:3      | Found a shadowy altar of Dithmenos.
  2443 | D:3      | Reached skill level 2 in Stealth
  2795 | D:3      | Reached ** piety under Dithmenos
  2884 | D:3      | Found a broken altar of Ashenzari.
  3066 | D:3      | Reached XP level 7. HP: 44/44 MP: 6/6
  3401 | D:4      | Reached skill level 3 in Stealth
  3493 | D:4      | Found a sacrificial altar of Ru.
  3608 | D:4      | Reached skill level 5 in Fighting
  3608 | D:4      | Reached skill level 4 in Stealth
  3867 | D:5      | Entered Level 5 of the Dungeon
  3893 | D:5      | Reached XP level 8. HP: 42/49 MP: 7/7
  3901 | D:5      | Reached skill level 5 in Stealth
  4009 | D:5      | Reached *** piety under Dithmenos
  4010 | D:5      | Reached skill level 6 in Stealth
  4430 | D:5      | Found a runed translucent gate.
  4430 | D:5      | Found a runed translucent gate.
  4431 | D:5      | Found a runed translucent gate.
  4475 | D:5      | Noticed AlterAsc's ghost (amateur TeGl)
  4676 | D:6      | Found a staircase to the Ecumenical Temple.
  4698 | D:6      | Reached skill level 7 in Stealth
  4706 | D:6      | Noticed a yak
  4708 | D:6      | Noticed a yak
  4724 | D:6      | Noticed a yak
  4731 | D:6      | Noticed a yak
  4733 | D:6      | Noticed a yak
  4740 | D:6      | Killed a yak
  4741 | D:6      | Reached skill level 5 in Dodging
  4741 | D:6      | Reached XP level 9. HP: 55/55 MP: 8/8
  4755 | D:6      | Reached skill level 8 in Stealth
  4941 | D:6      | Found a burning altar of Makhleb.
  5044 | D:6      | Reached skill level 1 in Throwing
  5158 | D:6      | Reached skill level 9 in Stealth
  5424 | D:6      | Found a snail-covered altar of Cheibriados.
  6025 | D:7      | Reached skill level 10 in Short Blades
  6271 | D:7      | Found a hazy altar of Hepliaklqana.
  6353 | D:7      | Found a sand-covered staircase.
  6358 | Ossuary  | Entered an ossuary
  6363 | Ossuary  | Reached XP level 10. HP: 61/61 MP: 9/9
  6367 | Ossuary  | Reached **** piety under Dithmenos
  6762 | D:7      | Reached skill level 10 in Stealth
  6794 | D:7      | Identified the +1 ring mail "Puruerylonk" {rF+ Str+2 Dex+2}
  7501 | D:8      | Noticed a two-headed ogre
  7505 | D:8      | Killed a two-headed ogre
  7506 | D:8      | Reached skill level 11 in Stealth
  7735 | D:8      | Noticed Psyche
  7762 | D:8      | Killed Psyche
  7856 | D:8      | Noticed a death yak
  7979 | D:8      | Found a staircase to the Lair.
  8038 | D:8      | Killed a death yak
  8058 | D:7      | Reached skill level 12 in Stealth
  8179 | D:8      | Reached XP level 11. HP: 62/67 MP: 9/9
  8202 | D:8      | Noticed a death yak
  8202 | D:8      | Noticed a death yak
  8263 | D:7      | Killed a death yak
  8264 | D:7      | Reached skill level 10 in Dodging
  8391 | D:7      | Killed a death yak
  8570 | D:7      | Identified a scroll of acquirement
  8570 | D:7      | Acquired 699 gold pieces
  8589 | D:7      | Reached skill level 13 in Stealth
  8631 | D:8      | Reached ***** piety under Dithmenos
  9494 | D:9      | Identified the +11 mace of Gehenna {antimagic, Will+ rCorr
                  | SInv Stlth+}
  9877 | D:9      | Found a glowing silver altar of Zin.
 10124 | D:10     | Entered Level 10 of the Dungeon
 10311 | D:10     | Noticed a two-headed ogre
 10315 | D:10     | Killed a two-headed ogre
 10316 | D:10     | Reached skill level 14 in Stealth
 10323 | D:10     | Noticed Joseph
 10327 | D:10     | Killed Joseph
 10356 | D:10     | Found Ophuxuh's Armour Shop.
 10458 | D:10     | Reached XP level 12. HP: 74/74 MP: 10/10
 10569 | D:10     | Noticed Gastronok
 10571 | D:10     | Noticed Erica
 10593 | D:10     | HP: 2/75 [Gastronok/the air (4)]
 10594 | D:10     | Killed Erica
 10627 | D:10     | Slain by Gastronok

Illustrated notes

Levels and vault maps discovered:
D:1:      dreamdust_arrival_beginning_and_end, layout_basic,
          nicolae_houndstooth_variations
D:2:      layout_rooms, nicolae_ecumenical_lake_church, minmay_snake_closets,
          uniq_jessica
D:3:      minmay_bubble_buster, layout_loops_cross,
          mainiacjoe_overflow_catwalk_spiral, serial_shops, shop,
          kennysheep_donut
D:4:      layout_rooms, nicolae_overflow_crystal_walls
D:5:      layout_rooms, gammafunk_ghost_nasty_kobolds
D:6:      layout_basic, kennysheep_mini_moat, makhleb_altar_promises_db,
          temple_doors_ab
D:7:      layout_loops_corners, general_overflow_altar,
          nicolae_ossuary_entry_plus, nicolae_titane
D:8:      layout_rooms, dpeg_lair_monsters, minmay_fractal_squares_gapless_5,
          uniq_psyche
D:9:      layout_loops_corners, lemuel_tele_altar
D:10:     layout_gridville, serial_shops, nicolae_shop_tiny_waterfront,
          wad_mini_maze, uniq_gastronok, uniq_joseph, uniq_erica

Skill      XL: |  1  2  3  4  5  6  7  8  9 10 11 |
---------------+----------------------------------+-----
Short Blades   | 3 4 5 6 7 9 10 11 | 11.9
Dodging        | 1 2 3 5 6 9 11 | 11.8
Fighting       | 4 5 6 7 8 |  8.4
Stealth        | 1 2 4 7 9 12 14 | 14.6
Throwing       | 1 2 |  2.2
Armour         | |  2.4
Shields        | |  2.4

Action                     |  1- 3 |  4- 6 |  7- 9 | 10-12 || total
---------------------------+-------+-------+-------+-------++-------
  Melee: Rapier            |   127 |    97 |       |    99 ||   323
         Kick              |       |    17 |   139 |       ||   156
         Dagger            |       |    76 |   450 |   566 ||  1092
  Throw: Dart              |       |       |     3 |     7 ||    10
    Use: Potion            |       |     4 |       |     8 ||    12
         Scroll            |       |     2 |       |    14 ||    16
   Stab: Distracted        |     1 |     1 |     1 |     1 ||     4
         Sleeping          |       |     8 |    21 |    25 ||    54
 Armour: Scale mail        |    68 |    66 |       |       ||   134
         Ring mail         |       |    17 |    83 |    88 ||   188
         Skin              |       |       |       |     2 ||     2
  Dodge: Dodged            |    58 |    66 |   269 |   542 ||   935
  Block: Buckler           |    24 |    29 |    65 |   150 ||   268
